 Dungeon Crawl Stone Soup version 0.30-a0-170-g85af917532 (webtiles) character file.

Game seed: 4178227934903258108

100 qw the Chopper (level 4, -1/28 HPs)
             Began as a Gargoyle Fighter on Sept 30, 2022.
             Slain by Grinder (3 damage)
             ... on level 3 of the Dungeon.
             The game lasted 00:00:53 (2303 turns).

qw the Chopper (Gargoyle Fighter)                   Turns: 2303, Time: 00:00:53

Health: -1/28      AC: 10    Str: 22    XL:     4   Next: 74%
Magic:  4/4        EV:  9    Int:  8    God:
Gold:   140        SH:  4    Dex:  9    Spells: 3/3 levels left

rFire   . . .      SeeInvis .    Y - +0 war axe
rCold   . . .      Faith    .    c - +0 buckler
rNeg    + . .      Spirit   .    b - +0 scale mail
rPois   inf        Reflect  .    (no helmet)
rElec   +          Harm     .    (no cloak)
rCorr   .          Rampage  .    (no gloves)
Will    .....                    (no boots)
Stlth   ..........               (no amulet)
HPRegen 0.09/turn                (no ring)
MPRegen 0.09/turn                (no ring)

@: no status effects
A: sickness immunity, AC +3, negative energy resistance 1, electricity
resistance, torment resistance 1, petrification resistance
a: no special abilities


You were on level 3 of the Dungeon.
You visited 1 branch of the dungeon, and saw 3 of its levels.

You collected 140 gold pieces.


Innate Abilities, Weirdness & Mutations

You are immune to sickness and miasma.
Your stone body is resilient. (AC +3)
You are immune to poison.
You resist negative energy. (rN+)
You are resistant to electric shocks. (rElec)
You are resistant to unholy torment.
You are immune to petrification.


   Skills:
 - Level 3.2 Fighting
 + Level 4.3 Axes
 - Level 3.2 Armour
 - Level 3.2 Shields


You had 3 spell levels left.
You didn't know any spells.
Your spell library was empty.

Inventory:

Hand Weapons
 g - a +0 morningstar
 Y - a +0 war axe (weapon)
Armour
 b - a +0 scale mail (worn)
 c - a +0 buckler (worn)
Jewellery
 h - a ring of ice
 l - a ring of ice
Scrolls
 a - 3 scrolls of identify
Potions
 d - a potion of might
 f - 2 potions of curing
 k - a potion of resistance
 n - a potion of mutation

Dungeon Overview and Level Annotations

Branches:
Dungeon (3/15)

Altars:

Annotations:
D:3 Grinder


Message History

Grinder gestures at you.
You suddenly lose the ability to move!
Grinder gestures at you.
You shrug off the repeated paralysis!
Grinder hits you but does no damage. Grinder hits you! Grinder gestures at you.
You barely resist.
You can move again.
You slash Grinder!
Grinder is almost dead.
Grinder closely misses you.
You hit Grinder but do no damage.
Grinder is almost dead.
Grinder gestures at you. Pain shoots through your body!
Grinder hits you but does no damage.
You hit Grinder.
Grinder is almost dead.
Grinder gestures at you. Pain shoots through your body!
You barely miss Grinder.
Grinder is almost dead.
Grinder blinks!
You start resting.
Grinder is nearby!
2294 ||| Stepping ~*~*~tactically~*~*~ (hiding).
You start resting.
Grinder is nearby!
Grinder blinks!
2298 ||| Stepping ~*~*~tactically~*~*~ (hiding).
You start resting.
Grinder is nearby!
Grinder barely misses you.
You closely miss Grinder.
Grinder is almost dead.
Grinder barely misses you. You block Grinder's attack.
You hit Grinder.
Grinder is almost dead.
Grinder hits you.
You writhe in agony.
You die...

####### ##.#
#.....# #.#
#.....# ###.#####
...<..# #.......#
#.....# #..#.##.#
#.....# #.###.#.#
####### #.# ##..#
..# ... #.#.# #.#
#### #$##@#
#.##.#####.....5.#
..>.....##.##.####
#.##.##.## # #.# #
..# ###


You could see Grinder.

Vanquished Creatures
  6 adders
  8 ball pythons (D:2)
  5 endoplasms
  2 giant cockroaches
  2 goblins (D:1)
  6 hobgoblins
  4 quokkas
  2 bats (D:1)
  A frilled lizard (D:1)
  7 kobolds
  5 rats
48 creatures vanquished.

Notes
Turn   | Place    | Note
-------+----------+-------------------------------------------
     0 | D:1      | qw the Gargoyle Fighter began the quest for the Orb.
     0 | D:1      | Reached XP level 1. HP: 14/14 MP: 1/1
     0 | D:1      | 0 ||| qw: Version: 0.2-a-12-gaebbb33
     0 | D:1      | 0 ||| qw: Game counter: 1463
     0 | D:1      | 0 ||| qw: Always use a shield: true
     0 | D:1      | 0 ||| qw: God list: Okawaru
     0 | D:1      | 0 ||| qw: Allow faded altars: false
     0 | D:1      | 0 ||| qw: Do Orc after D:15 true
     0 | D:1      | 0 ||| qw: Do second Lair branch before Depths: true
     0 | D:1      | 0 ||| qw: Lair rune preference: random
     0 | D:1      | 0 ||| qw: Plans: Normal, Zot:1-4, God:TSO, Crypt, Tomb,
                  | Pan, Slime:5, Hells, Abyss, Orb
     0 | D:1      | 0 ||| PLANNING D:1-11
    73 | D:1      | Reached skill level 2 in Axes
   247 | D:1      | Reached XP level 2. HP: 19/19 MP: 2/2
   352 | D:1      | 352 ||| Stepping ~*~*~tactically~*~*~ (stealth).
   358 | D:1      | 358 ||| Stepping ~*~*~tactically~*~*~ (stealth).
   451 | D:1      | 451 ||| DROPPING +0 club.
   501 | D:1      | 501 ||| DROPPING +0 whip.
  1026 | D:1      | 1026 ||| DROPPING ring of wizardry.
  1027 | D:1      | 1027 ||| READING 3 scrolls labelled HYFRA YMYTIGH.
  1028 | D:1      | 1028 ||| READING scroll labelled HUEJOE CATHRI.
  1029 | D:1      | 1029 ||| READING scroll labelled KER BERORUCILI.
  1130 | D:1      | 1130 ||| READING 2 scrolls of identify.
  1130 | D:1      | 1130 ||| IDENTIFYING sedimented green potion
  1143 | D:2      | Reached skill level 3 in Axes
  1147 | D:2      | 1147 ||| Stepping ~*~*~tactically~*~*~ (stealth).
  1148 | D:2      | 1148 ||| Stepping ~*~*~tactically~*~*~ (stealth).
  1154 | D:2      | 1154 ||| Stepping ~*~*~tactically~*~*~ (stealth).
  1173 | D:2      | 1173 ||| Stepping ~*~*~tactically~*~*~ (stealth).
  1182 | D:2      | Reached XP level 3. HP: 23/23 MP: 3/3
  1606 | D:2      | Reached XP level 4. HP: 28/28 MP: 4/4
  1928 | D:2      | Reached skill level 4 in Axes
  2014 | D:2      | 2014 ||| Stepping ~*~*~tactically~*~*~ (stealth).
  2015 | D:2      | 2015 ||| Stepping ~*~*~tactically~*~*~ (stealth).
  2041 | D:2      | 2041 ||| READING 2 scrolls labelled ZYEBLA XILIBU.
  2042 | D:2      | 2042 ||| READING scroll labelled IXKYCK ZOGOE.
  2043 | D:2      | 2043 ||| READING scroll labelled QOLOIZUILA.
  2044 | D:2      | 2044 ||| READING scroll labelled FAM BUDESE MINT.
  2049 | D:2      | 2049 ||| READING scroll labelled ZALYKLUUCA.
  2050 | D:2      | 2050 ||| READING 5 scrolls of identify.
  2050 | D:2      | 2050 ||| IDENTIFYING red potion
  2051 | D:2      | 2051 ||| READING 4 scrolls of identify.
  2051 | D:2      | 2051 ||| IDENTIFYING metallic green potion
  2052 | D:2      | 2052 ||| DROPPING scroll of vulnerability.
  2265 | D:3      | Noticed Grinder
  2267 | D:3      | Paralysed by Grinder for 3 turns
  2284 | D:3      | Paralysed by Grinder for 5 turns
  2291 | D:3      | HP: 5/28 [Grinder/nerve-wracking pain (5)]
  2294 | D:3      | 2294 ||| Stepping ~*~*~tactically~*~*~ (hiding).
  2298 | D:3      | 2298 ||| Stepping ~*~*~tactically~*~*~ (hiding).
  2303 | D:3      | HP: 2/28 [Grinder (4)]
  2303 | D:3      | Slain by Grinder

Levels and vault maps discovered:
D:1:      minmay_arrival_wavy_path, layout_loops_ring,
          minmay_misc_feat_four_crosses
D:2:      layout_rooms, minmay_snake_closets
D:3:      layout_loops_cross, basic_ecumenical_altar, uniq_grinder

Skill      XL: |  1  2  3  4 |
---------------+-------------+-----
Axes           | 2 3 4 |  4.3
Fighting       | |  3.2
Armour         | |  3.2
Shields        | |  3.2

Action                   |  1- 3 |  4- 6 || total
-------------------------+-------+-------++-------
Melee: War axe           |   131 |    59 ||   190
  Use: Scroll            |     4 |     7 ||    11
Armor: Scale mail        |    67 |    22 ||    89
Dodge: Dodged            |    59 |    30 ||    89
Block: Buckler           |    31 |     6 ||    37

Table legend:
 A = Non-vault XP
 B = Vault XP
 C = Vault XP percentage of total XP
 D = Non-vault monster count
 E = Vault monster count
 F = Vault count percentage of total count
                 A         B        C        D         E       F
            +---------+---------+-------+---------+---------+-------
      Total |      72 |      72 |  50.0 |      37 |      11 |  22.9
            +---------+---------+-------+---------+---------+-------
        D:1 |      29 |       0 |   0.0 |      19 |       0 |   0.0
        D:2 |      26 |      72 |  73.5 |      15 |      11 |  42.3
        D:3 |      17 |       0 |   0.0 |       3 |       0 |   0.0
            +---------+---------+-------+---------+---------+-------
